 Dungeon Crawl Stone Soup version 0.28.0-45-g0d030f2227 (webtiles) character file.

Game seed: 10340043608864534184

11 Iusername the Shield-Bearer (level 2, -1/27 HPs)
             Began as a Minotaur Fighter on Apr 4, 2022.
             Frozen to death by an endoplasm (4 damage)
             ... on level 1 of the Dungeon.
             The game lasted 00:00:39 (432 turns).

Iusername the Shield-Bearer (Minotaur Fighter)       Turns: 432, Time: 00:00:40

Health: -1/27      AC:  7    Str: 20    XL:     2   Next: 17%
Magic:  1/1        EV:  6    Int:  5    God:
Gold:   14         SH:  4    Dex:  9    Spells: 1/1 levels left

rFire   . . .      SeeInvis .   a - +0 long sword
rCold   . . .      Faith    .   c - +0 buckler
rNeg    . . .      Spirit   .   b - +0 scale mail
rPois   .          Reflect  .   (helmet restricted)
rElec   .          Harm     .   (no cloak)
rCorr   .          Rampage  .   (no gloves)
Will    .....                   (no boots)
Stlth   ..........              (no amulet)
HPRegen 0.09/turn               (no ring)
MPRegen 0.07/turn               (no ring)

@: constricted
A: horns 2, retaliatory headbutt
a: no special abilities


You were on level 1 of the Dungeon.
You visited 1 branch of the dungeon, and saw 1 of its levels.

You collected 14 gold pieces.

Inventory:

Hand Weapons
 a - a +0 long sword (weapon)
Armour
 b - a +0 scale mail (worn)
 c - a +0 buckler (worn)
Potions
 d - a potion of might


   Skills:
 + Level 3.9 Fighting
 + Level 2.5 Long Blades
 + Level 3.8 Armour
 + Level 0.1 Dodging
 + Level 4.0 Shields


You had one spell level left.
You didn't know any spells.
Your spell library was empty.

Dungeon Overview and Level Annotations

Branches:
Dungeon (1/15)

Altars:


Innate Abilities, Weirdness & Mutations

You have a pair of horns on your head.
You reflexively headbutt those who attack you in melee.


Message History

Your headbutt misses the giant cockroach.
The bat hits you but does no damage.
The giant cockroach bites you but does no damage.
The ball python bites you. The ball python constricts you.
The kobold barely misses you. The endoplasm freezes you.
You are frozen.
The giant cockroach bites you.
You hit the giant cockroach.
The giant cockroach is heavily wounded.
The bat hits you but does no damage. You block the ball python's attack.
The ball python constricts you. The kobold hits you but does no damage.
The endoplasm freezes you.
You are frozen.
* * * LOW HITPOINT WARNING * * *
The giant cockroach bites you but does no damage.
The ball python bites you.
* * * LOW HITPOINT WARNING * * *
The ball python constricts you.
Unknown command.
You slash the giant cockroach!
You kill the giant cockroach!
The bat hits you but does no damage. The kobold barely misses you.
You block the endoplasm's attack.
The ball python bites you but does no damage.
The ball python constricts you. The kobold hits you but does no damage.
You block the endoplasm's attack. The bat barely misses you.
Your Shields skill increases to level 4!
You hit the ball python.
The ball python is severely wounded.
You block the bat's attack.
The ball python bites you but does no damage.
The ball python constricts you.
* * * LOW HITPOINT WARNING * * *
The kobold hits you but does no damage.
The ball python bites you but does no damage.
The ball python constricts you.
* * * LOW HITPOINT WARNING * * *
The endoplasm freezes you.
You are frozen.
You die...

###.......... ............
...?$......## ...........#
#.........#
..#.........#####
......SbK........
#.....@J†..# .
##........#####..
.................. ###
###...####....##.# #.#
##...#.....## ###.###
#.....#..># # +..<..+
..........# .#
######.#######..##..####.#
.............##. ##.###..#


You could see an endoplasm, a bat, a ball python and a kobold.

Vanquished Creatures
  A bat (D:1)
  A giant cockroach (D:1)
  A hobgoblin (D:1)
  2 quokkas (D:1)
  4 kobolds (D:1)
  2 rats (D:1)
11 creatures vanquished.

Notes
Turn   | Place    | Note
-------+----------+-------------------------------------------
     0 | D:1      | Iusername the Minotaur Fighter began the quest for the Orb.
     0 | D:1      | Reached XP level 1. HP: 19/19 MP: 0/0
   427 | D:1      | Reached XP level 2. HP: 18/27 MP: 1/1
   432 | D:1      | Reached skill level 4 in Shields
   432 | D:1      | Frozen to death by an endoplasm

Illustrated notes

Levels and vault maps discovered:
D:1:      shiori_shiawase, layout_rooms, ebering_ecumenical_altar_mist

Skill      XL: |  1  2 |
---------------+-------+-----
Shields        | 4 |  4.0
Fighting       | |  3.9
Long Blades    | |  2.5
Armour         | |  3.8
Dodging        | |  0.1

Action                   || total
-------------------------++-------
Melee: Long sword        ||    22
       Headbutt          ||     2
Armor: Scale mail        ||    31
Dodge: Dodged            ||    19
Block: Buckler           ||    17
